Map: Acid Plant LE

Players

FidelCatstro - Winner!

  • Race: Terran Terran
  • Spawn Location: 5:00

kfk

  • Race: Terran Terran
  • Spawn Location: 11:00

VOD

Have the link to the VOD?

Description

Time

  • Played on: Oct. 16, 2018, 5:42 p.m.
  • Length: 10:20
Show
View Real Time Build Order
Export as new Build Order

FidelCatstro Terran - Winner!

Build Orders:  

Get SALT Encoding   

  12  0:02  SCV  
  13  0:15  SCV  
  13  0:19  Supply Depot  
  14  0:28  SCV  
  15  0:31  Refinery  
  15  0:41  SCV  
  16  0:48  Barracks  
  16  0:53  SCV  
  17  1:06  SCV  
  18  1:19  SCV  
  19  1:35  Barracks Tech Lab  
  19  1:39  Barracks Reactor  
  19  1:45  Command Center  
  19  1:48  Orbital Command  
  19  2:07  Factory  
  19  2:15  SCV  
  20  2:31  SCV  
  21  2:38  Supply Depot  
  21  2:49  SCV  
  22  3:01  Refinery  
  22  3:08  SCV  
  23  3:14  Marine x2  
  25  3:25  SCV  
  26  3:27  SCV  
  26  3:32  Marine x2  
  29  3:34  Factory Tech Lab  
  29  3:41  SCV x2  
  31  3:53  Marine  
  31  3:54  Marine  
  31  3:55  Siege Tank  
  36  4:00  SCV  
  36  4:01  Orbital Command  
  37  4:12  Starport  
  37  4:13  Marine x2  
  39  4:22  SCV  
  40  4:27  SCV  
  41  4:33  Siege Tank  
  41  4:38  SCV  
  45  4:41  Marine  
  46  4:49  Supply Depot  
  46  4:58  Starport Reactor  
  46  5:06  Supply Depot  
  46  5:10  Marine, SCV x2  
  49  5:17  Marine  
  49  5:18  Siege Tank  
  53  5:21  Liberator  
  53  5:28  Supply Depot  
  53  5:30  SCV  
  53  5:31  SCV  
  53  5:32  Marine  
  59  5:45  Liberator  
  59  5:48  Refinery  
  59  5:50  Refinery  
  59  5:51  Siege Tank  
  59  5:56  SCV  
  63  5:57  SCV  
  63  5:59  Marine x2  
  69  6:10  SCV  
  70  6:15  Supply Depot  
  70  6:24  Supply Depot  
  70  6:28  Liberator  
  70  6:36  Marine x2  
  70  6:37  SCV, Siege Tank  
  70  6:38  Supply Depot  
  79  6:48  Supply Depot  
  79  6:59  Barracks  
  79  7:02  Supply Depot, Barracks  
  79  7:03  SCV  
  79  7:04  SCV  
  79  7:05  Liberator  
  79  7:08  Marine x2  
  83  7:10  Siege Tank  
  86  7:17  Engineering Bay  
  86  7:18  SCV x2  
  88  7:24  Supply Depot  
  88  7:27  Liberator  
  91  7:36  SCV x2  
  93  7:37  Marine x2  
  93  7:42  Siege Tank  
  98  7:47  Supply Depot  
  101  7:52  SCV x2  
  101  7:54  Marine  
  101  7:57  Barracks Tech Lab  
  104  8:03  Supply Depot  
  104  8:05  Liberator  
  104  8:06  Supply Depot  
  104  8:10  Liberator  
  104  8:12  Terran Infantry Weapons Level 1  
  104  8:13  Marine  
  104  8:14  Marine  
  104  8:17  Barracks Tech Lab  
  106  8:21  Siege Tank  
  106  8:25  SCV x2  
  114  8:27  Marine  
  118  8:39  Combat Shields  
  118  8:54  Marine x4  
  122  8:57  Liberator  
  122  8:58  Siege Tank  
  128  9:18  Marine x4  
  132  9:30  Siege Tank  
  135  9:36  Marine  
Show
View Real Time Build Order
Export as new Build Order

kfk Terran 

Build Orders: Mech 

Get SALT Encoding   

  12  0:11  Supply Depot  
  12  0:22  SCV  
  13  0:39  Barracks  
  13  0:40  SCV  
  14  0:46  Refinery  
  14  0:53  SCV  
  15  1:09  Refinery, SCV  
  16  1:21  SCV  
  17  1:33  SCV  
  18  1:44  Command Center  
  18  1:48  SCV  
  19  2:04  Factory  
  19  2:10  SCV  
  20  2:21  Supply Depot  
  20  2:34  Factory  
  20  2:35  SCV  
  21  2:48  SCV  
  22  2:59  SCV  
  22  3:05  SCV  
  24  3:08  Supply Depot  
  24  3:10  Factory Reactor  
  24  3:11  SCV  
  25  3:17  Factory Tech Lab  
  25  3:23  SCV  
  26  3:30  Factory  
  26  3:32  SCV  
  27  3:41  Supply Depot  
  27  3:43  SCV  
  27  3:46  SCV  
  29  3:56  SCV  
  29  3:58  SCV  
  29  4:02  Siege Tank  
  34  4:10  SCV  
  34  4:11  SCV  
  36  4:22  Cyclone x2  
  42  4:25  Factory Reactor  
  42  4:32  Engineering Bay  
  42  4:34  SCV  
  42  4:35  SCV  
  44  4:44  Factory  
  44  4:47  SCV x2  
  44  4:52  Siege Tank  
  49  4:59  SCV  
  51  5:00  SCV  
  51  5:11  SCV, Cyclone x2  
  58  5:20  Refinery  
  58  5:21  Refinery  
  58  5:22  SCV  
  58  5:23  SCV  
  60  5:35  SCV x2  
  62  5:39  Starport  
  62  5:54  SCV  
  60  5:57  Factory Tech Lab  
  60  5:59  SCV  
  62  6:12  Command Center  
  62  6:13  SCV, Orbital Command  
  62  6:19  Supply Depot  
  62  6:20  Supply Depot x2  
  62  6:21  Supply Depot  
  62  6:41  Cyclone x4, Siege Tank  
  77  6:49  Supply Depot  
  77  6:51  Supply Depot  
  77  6:55  Siege Tank  
  77  6:56  Starport Tech Lab  
  80  7:04  Fusion Core  
  80  7:10  SCV  
  81  7:20  Supply Depot  
  81  7:21  Supply Depot  
  81  7:23  Supply Depot  
  81  7:24  Supply Depot  
  81  7:25  SCV  
  81  7:26  SCV  
  83  7:31  SCV  
  83  7:37  SCV  
  85  7:38  SCV  
  86  7:46  Armory  
  86  7:50  SCV  
  86  7:51  Cyclone x2  
  93  8:01  Siege Tank  
  93  8:05  Cyclone x2  
  102  8:14  Siege Tank  
  102  8:19  Refinery  
  105  8:36  SCV  
  105  8:39  Cyclone x2  
  112  8:44  SCV  
  113  8:56  SCV  
  114  9:10  Cyclone x2  
  114  9:11  Cyclone x2  
  114  9:14  SCV  
  127  9:25  Supply Depot  
  127  9:31  Supply Depot  
  127  9:32  Supply Depot, Siege Tank  
  127  9:33  Supply Depot, Siege Tank  
  127  9:34  Supply Depot  
  127  9:35  Supply Depot  
  133  9:39  Refinery  
  133  9:44  Cyclone x2  
  139  9:46  SCV  
  139  9:49  SCV  
Tags
 
Composition
Mech
Matchup
TvT
Race
Terran
Spawn Locations
Cross Positions
Add a new tag
Caveats
  • Supply blocks, unpowered buildings, or Contaminate may cause inaccurate times.
  • Supply counts are checked every 10 seconds.